 Dungeon Crawl Stone Soup version 0.26.1-11-gd32895ea62 (webtiles) character file.

Game seed: 5892543036903676324

390 Arcadio the Covert (level 6, -5/39 HPs)
             Began as an Octopode Brigand on May 22, 2021.
             Slain by an orc
             ... wielding a cursed +0 short sword
              (7 damage)
             ... on level 4 of the Dungeon.
             The game lasted 00:07:34 (4830 turns).

Arcadio the Covert (Octopode Brigand)               Turns: 4830, Time: 00:07:35

Health: -5/39      AC:  1    Str: 11    XL:     6   Next: 80%
Magic:  6/6        EV: 13    Int: 13    God:
Gold:   183        SH:  0    Dex: 15    Spells: 2/5 levels left

rFire    . . .     SeeInvis .   k - +2 dagger (pain)
rCold    . . .     Faith    .   (no shield)
rNeg     . . .     Spirit   .   (helmet restricted)
rPois    .         Reflect  .   (no amulet)
rElec    .         Harm     .   (no ring)
rCorr    .         Rampage  .   (no ring)
Will     .....                  (no ring)
Stlth    +++++.....             (no ring)
HPRegen  0.13/turn              (no ring)
MPRegen  0.10/turn              (no ring)
                                (no ring)
                                (no ring)

@: no status effects
A: almost no armour, stealthy swim, amphibious, 8 rings, constrict 8, camouflage
1, gelatinous body 1
a: no special abilities


You were on level 4 of the Dungeon.
You visited 1 branch of the dungeon, and saw 5 of its levels.

You collected 183 gold pieces.

Inventory:

Hand Weapons
 a - a +2 dagger
 g - a +1 dagger of protection
 k - a +2 dagger of pain (weapon)
Missiles
 b - 21 poisoned darts (quivered)
 c - 2 curare-tipped darts
Jewellery
 e - an uncursed ring of positive energy {unknown}
 l - an uncursed ring of fire {unknown}
Wands
 n - a wand of iceblast (10)
Scrolls
 f - 2 scrolls of amnesia
 j - a scroll of immolation {unknown}
 m - a scroll of teleportation {unknown}
Potions
 d - a potion of lignification {unknown}
 i - 3 potions of mutation


   Skills:
 - Level 2.0 Fighting
 + Level 5.1 Short Blades
 - Level 2.0 Throwing
 - Level 1.0 Dodging
 + Level 8.7 Stealth


You had 2 spell levels left.
You knew the following spells:

 Your Spells              Type           Power        Failure   Level
a - Corona                Hex            0%           30%         1
b - Ensorcelled Hibernat  Hex/Ice        0%           43%         2

Your spell library contained the following spells:

 Spells                   Type           Power        Failure   Level
 Confusing Touch          Hex            0%           67%         3
 Dazzling Flash           Conj/Hex       0%           67%         3
 Tukima's Dance           Hex            0%           67%         3


Dungeon Overview and Level Annotations

Branches:
Dungeon (5/15)
 Temple: D:4-7

Altars:
Fedhas
Vehumet
Zin

Annotations:
D:4 1 runed translucent door


Innate Abilities, Weirdness & Mutations

You cannot wear most types of armour.
You are very stealthy in the water. (Stealth+)
You are amphibious.
You can wear up to eight rings at the same time.
You can use your tentacles to constrict eight enemies at once.
Your skin changes colour to match your surroundings (Stealth+).
Your rubbery body absorbs attacks. (AC +1, EV +1)


Message History

You hit the orc but do no damage. Your squeeze misses the orc.
The orc is lightly wounded.
You constrict the orc, but do no damage.
The orc closely misses you.
You hit the orc but do no damage.
The orc is lightly wounded.
You constrict the orc. The orc barely misses you.
You hit the orc but do no damage.
The orc is severely wounded.
You constrict the orc, but do no damage.
The orc hits you but does no damage.
The orc hits you with a cursed +0 short sword.
* * * LOW HITPOINT WARNING * * *
You hit the orc but do no damage.
The orc is severely wounded.
You constrict the orc, but do no damage.
The orc hits you with a +0 club.
* * * LOW HITPOINT WARNING * * *
The orc hits you with a cursed +0 short sword!
You die...

#.# ##.#.## ###.###.##
#......#.###### #
#.###.........#
##.##..##..#o####.########
#.......#...## #.........#
##.##.#...$## #.#######.#
# #.###o@# #. #.# #....o.#
#. #o# ######## #. #.# #.
#.# #. #.# #.#######.#
#.........# ###.#.#####
#...#


You could see an orc wizard and 2 orcs.

Vanquished Creatures
  A centaur (D:5)
  An orc priest (D:4)
  A bullfrog skeleton (D:4)
  An orc wizard (D:3)
  A worker ant (D:4)
  A hound zombie (D:4)
  8 adders
  2 oozes
  An adder zombie (D:5)
  3 worms
  A dart slug (D:3)
  4 leopard geckos
  8 orcs
  4 bats
  5 giant cockroaches
  13 goblins
  5 hobgoblins
  10 jackals
  2 ball pythons
  5 frilled lizards
  10 kobolds
  4 rats
91 creatures vanquished.

Vanquished Creatures (others)
  An orc (D:4)
  4 plants (D:3)
5 creatures vanquished.

Grand Total: 96 creatures vanquished

Notes
Turn   | Place    | Note
-------+----------+-------------------------------------------
     0 | D:1      | Arcadio the Octopode Brigand began the quest for the Orb.
     0 | D:1      | Reached XP level 1. HP: 14/14 MP: 1/1
   269 | D:1      | Reached XP level 2. HP: 19/19 MP: 2/2
   854 | D:1      | Reached skill level 6 in Stealth
   937 | D:2      | Reached XP level 3. HP: 24/24 MP: 3/3
  1356 | D:2      | Found a radiant altar of Vehumet.
  1790 | D:2      | Reached XP level 4. HP: 29/29 MP: 4/4
  2240 | D:3      | Found a glowing silver altar of Zin.
  2265 | D:3      | Reached skill level 7 in Stealth
  2297 | D:3      | Reached XP level 5. HP: 17/34 MP: 5/5
  2512 | D:3      | You fall into a shaft and drop 2 floors!
  2512 | D:5      | Entered Level 5 of the Dungeon
  2815 | D:5      | Noticed a centaur
  2818 | D:5      | Killed a centaur
  2993 | D:3      | Reached XP level 6. HP: 34/39 MP: 6/6
  3284 | D:3      | Reached skill level 8 in Stealth
  3388 | D:3      | Found a blossoming altar of Fedhas.
  3415 | D:4      | Learned a level 1 spell: Corona
  3418 | D:4      | Learned a level 2 spell: Ensorcelled Hibernation
  4650 | D:4      | Noticed a phantom
  4661 | D:4      | Reached skill level 5 in Short Blades
  4701 | D:4      | Found a runed translucent gate.
  4830 | D:4      | Slain by an orc

Illustrated notes

Levels and vault maps discovered:
D:1:      dpeg_arrival_lava_altar, layout_basic, serial_bayou_pond_e
D:2:      layout_loops_cross, nicolae_overflow_crystal_walls
D:3:      cheibrodos_old_hovel, layout_rooms, lemuel_crystal_altar,
          general_overflow_altar, portal_sewer_entry_f,
          nicolae_underground_beach
D:4:      layout_loops_cross, biasface_ghost_orc_armoury,
          uniq_crazy_yiuf_cottage
D:5:      layout_loops_ring, temple_green, kennysheep_small_square

Skill      XL: |  1  2  3  4  5  6 |
---------------+-------------------+-----
Stealth        | 6 7 8 |  8.7
Short Blades   | 3 4 5 |  5.1
Fighting       | |  2.0
Throwing       | |  2.0
Dodging        | |  1.0

Action                   |  1- 3 |  4- 6 || total
-------------------------+-------+-------++-------
Melee: Dagger            |    49 |   153 ||   202
       Constrict         |    12 |    43 ||    55
       Tentacles         |    12 |    30 ||    42
  Use: Scroll            |     3 |     2 ||     5
       Potion            |       |     4 ||     4
 Stab: Sleeping          |    16 |     5 ||    21
       Distracted        |       |     1 ||     1
Armor: Skin              |     2 |    15 ||    17
Dodge: Dodged            |    15 |   159 ||   174
